3L
ECHO PARK LAKERS @ ATHLETIC CLUB KC
09/13/2039
 
TOP OF THE 1ST
Echo Park Lakers batting - Pitching for Athletic Club KC : LHP Roman Phansalker
Pitching: LHP Roman Phansalker
Batting: LHB Wu-shun Chu 0-0: Ball
1-0: Ball
2-0: Foul Ball, location: 2F
2-1: Foul Ball, location: 2F
2-2: Ball
3-2: Base on Balls
Batting: RHB Ryoma Yamamoto 0-0: Ball
1-0: Foul Ball, location: 2F
1-1: Ball
2-1: Fly out, F9 (Flyball, 9S, EV 80.6 MPH)
Batting: RHB Kyu-cheol Kye 0-0: Ball
1-0: Called Strike
1-1: Fly out, F9 (Flyball, 89M, EV 86.9 MPH)
Batting: RHB Angeddy Almanzar 0-0: Ball
Wu-shun Chu is caught stealing 2nd base 2-4
Top of the 1st over - 0 runs, 0 hits, 0 errors, 0 left on base; Echo Park 0 - Athletic Club KC 0
BOTTOM OF THE 1ST
Athletic Club KC batting - Pitching for Echo Park Lakers : LHP Francisco Rivas
Pitching: LHP Francisco Rivas
Batting: RHB Ali Ben Bongo 0-0: Ball
1-0: Ball
2-0: Called Strike
2-1: SOLO HOME RUN (Line Drive, 7D, EV 97.5 MPH), Distance : 389 ft
Batting: RHB Francisco Vargas 0-0: Ball
1-0: SOLO HOME RUN (Flyball, 7D, EV 106.2 MPH), Distance : 397 ft
Batting: RHB Armando Rodríguez 0-0: Swinging Strike
0-1: Ball
1-1: Ball
2-1: Swinging Strike
2-2: Ball
3-2: Ground out 4-3 (Groundball, 4, EV 88.8 MPH)
Batting: LHB Héctor Velázquez 0-0: Called Strike
0-1: Foul Ball, location: 2F
0-2: Ball
1-2: Ball
2-2: Fly out, F7 (Flyball, 78D, EV 107.5 MPH)
Batting: SHB Shiki Sanu 0-0: Ground out 1-3 (Groundball, 34S, EV 81.2 MPH)
Bottom of the 1st over - 2 runs, 2 hits, 0 errors, 0 left on base; Echo Park 0 - Athletic Club KC 2
TOP OF THE 2ND
Echo Park Lakers batting - Pitching for Athletic Club KC : LHP Roman Phansalker
Batting: RHB Angeddy Almanzar 0-0: Called Strike
0-1: Ground out 5-3 (Groundball, 5, EV 88.1 MPH)
Batting: RHB Gilberto Juárez 0-0: Ball
1-0: Called Strike
1-1: Swinging Strike
1-2: Strikes out swinging
Batting: RHB Komotay Koffie 0-0: Ball
1-0: Called Strike
1-1: Foul Ball, location: 2F
1-2: Foul Ball, location: 2F
1-2: Ball
2-2: Fly out, F1 (Line Drive, P, EV 63.8 MPH)
Top of the 2nd over - 0 runs, 0 hits, 0 errors, 0 left on base; Echo Park 0 - Athletic Club KC 2
BOTTOM OF THE 2ND
Athletic Club KC batting - Pitching for Echo Park Lakers : LHP Francisco Rivas
Batting: RHB Tasuku Goto 0-0: SINGLE (Groundball, 5S, EV 72.5 MPH) (infield hit)
Batting: RHB David Lozano 0-0: Foul Ball, location: 2F
0-1: Ball
1-1: Ball
2-1: SINGLE (Line Drive, 89S, EV 88.1 MPH)
Tasuku Goto to second
Runner from 2nd tries for 3rd, SAFE, no throw by RF
Batting: RHB Wade Tazewell 0-0: Fly out, F4 (Popup, 3, EV 71.9 MPH)
Batting: RHB Armando Altagracia 0-0: Fly out, F3 (Line Drive, 3, EV 64.4 MPH)
Batting: RHB Ali Ben Bongo 0-0: Ball
1-0: Ball
2-0: Swinging Strike
2-1: Ball
3-1: Ground out 5-3 (Groundball, 56S, EV 64.4 MPH)
Bottom of the 2nd over - 0 runs, 2 hits, 0 errors, 2 left on base; Echo Park 0 - Athletic Club KC 2
TOP OF THE 3RD
Echo Park Lakers batting - Pitching for Athletic Club KC : LHP Roman Phansalker
Batting: LHB Philip Todd 0-0: Ball
1-0: Ball
2-0: Fly out, F7 (Flyball, 78S, EV 85.6 MPH)
Batting: RHB Phil Gillespie 0-0: Ball
1-0: Foul Ball, location: 2F
1-1: Ball
2-1: Ball
3-1: Foul Ball, location: 2F
3-2: SOLO HOME RUN (Flyball, 9D, EV 100.6 MPH), Distance : 373 ft
Batting: RHB Felipe Campos 0-0: Called Strike
0-1: Foul Ball, location: 2F
0-2: Foul Ball, location: 2F
0-2: SINGLE (Line Drive, 6D, EV 97.5 MPH)
Batting: LHB Wu-shun Chu 0-0: Fly out, F7 (Flyball, 7LSF, EV 91.2 MPH)
Batting: RHB Ryoma Yamamoto 0-0: Ball
1-0: Ball
2-0: Ball
3-0: Foul Ball, location: 2F
3-1: Swinging Strike
3-2: Strikes out swinging
Top of the 3rd over - 1 run, 2 hits, 0 errors, 1 left on base; Echo Park 1 - Athletic Club KC 2
BOTTOM OF THE 3RD
Athletic Club KC batting - Pitching for Echo Park Lakers : LHP Francisco Rivas
Batting: RHB Francisco Vargas 0-0: Ball
1-0: Ground out 5-3 (Groundball, 56, EV 85.0 MPH)
Batting: RHB Armando Rodríguez 0-0: Called Strike
0-1: Ball
1-1: Ball
2-1: Fly out, F8 (Flyball, 89D, EV 100.0 MPH)
Batting: LHB Héctor Velázquez 0-0: Ball
1-0: Swinging Strike
1-1: Swinging Strike
1-2: Foul Ball, location: 2F
1-2: Foul Ball, location: 2F
1-2: Foul Ball, location: 2F
1-2: Ground out 1-3 (Groundball, 34S, EV 85.6 MPH)
Bottom of the 3rd over - 0 runs, 0 hits, 0 errors, 0 left on base; Echo Park 1 - Athletic Club KC 2
TOP OF THE 4TH
Echo Park Lakers batting - Pitching for Athletic Club KC : LHP Roman Phansalker
Batting: RHB Kyu-cheol Kye 0-0: Ball
1-0: Called Strike
1-1: Ground out 5-3 (Groundball, 5L, EV 103.8 MPH)
Batting: RHB Angeddy Almanzar 0-0: Ball
1-0: Called Strike
1-1: Fly out, F9 (Flyball, 89S, EV 80.0 MPH)
Batting: RHB Gilberto Juárez 0-0: Called Strike
0-1: DOUBLE (Flyball, 8RXD, EV 105.6 MPH)
Batting: RHB Komotay Koffie 0-0: Ball
1-0: Ball
2-0: Ball
3-0: Called Strike
3-1: Swinging Strike
3-2: Foul Ball, location: 2F
3-2: Fly out, F8 (Line Drive, 8RD, EV 95.6 MPH)
Top of the 4th over - 0 runs, 1 hit, 0 errors, 1 left on base; Echo Park 1 - Athletic Club KC 2
BOTTOM OF THE 4TH
Athletic Club KC batting - Pitching for Echo Park Lakers : LHP Francisco Rivas
Batting: SHB Shiki Sanu 0-0: Ball
1-0: Ball
2-0: Ball
3-0: Called Strike
3-1: Base on Balls
Batting: RHB Tasuku Goto 0-0: Foul Ball, location: 2F
0-1: Ball
1-1: Fielders Choice at 2nd, 6-4 (Groundball, 56, EV 91.2 MPH)
Batting: RHB David Lozano 0-0: Ball
1-0: Foul Ball, location: 2F
1-1: Fielders Choice at 2nd, 1-4 (Groundball, 15S, EV 69.4 MPH)
Batting: RHB Wade Tazewell 0-0: Ball
1-0: Called Strike
1-1: Ball
2-1: Ball
3-1: Foul Ball, location: 2F
3-2: Base on Balls
David Lozano to second
Batting: RHB Armando Altagracia 0-0: Ball
1-0: Called Strike
1-1: Fielders Choice at 2nd, 5-4 (Groundball, 5, EV 101.2 MPH)
Bottom of the 4th over - 0 runs, 0 hits, 0 errors, 2 left on base; Echo Park 1 - Athletic Club KC 2
TOP OF THE 5TH
Echo Park Lakers batting - Pitching for Athletic Club KC : LHP Roman Phansalker
Batting: LHB Philip Todd 0-0: Called Strike
0-1: Ball
1-1: Swinging Strike
1-2: Fly out, F7 (Flyball, 78D, EV 100.0 MPH)
Batting: RHB Phil Gillespie 0-0: Swinging Strike
0-1: Called Strike
0-2: Foul Ball, location: 2F
0-2: Ball
1-2: Ball
2-2: DOUBLE (Line Drive, 78D, EV 113.1 MPH)
Batting: RHB Felipe Campos 0-0: Called Strike
0-1: Swinging Strike
0-2: Ball
1-2: Ground out 5-3 (Groundball, 5, EV 100.6 MPH)
Batting: LHB Wu-shun Chu 0-0: Ball
1-0: Ball
2-0: Fly out, F7 (Flyball, 78S, EV 89.4 MPH)
Top of the 5th over - 0 runs, 1 hit, 0 errors, 1 left on base; Echo Park 1 - Athletic Club KC 2
BOTTOM OF THE 5TH
Athletic Club KC batting - Pitching for Echo Park Lakers : LHP Francisco Rivas
Batting: RHB Ali Ben Bongo 0-0: Ball
1-0: Ball
2-0: Ball
3-0: Base on Balls
Batting: RHB Francisco Vargas 0-0: Ball
1-0: Foul Ball, location: 2F
1-1: Called Strike
1-2: Strikes out swinging
Batting: RHB Armando Rodríguez 0-0: Ball
1-0: Foul Ball, location: 2F
1-1: Ball
2-1: Fly out, F9 (Flyball, 89D, EV 91.9 MPH)
Batting: LHB Héctor Velázquez 0-0: Ball
1-0: Ball
2-0: Called Strike
2-1: Ball
3-1: Fly out, F7 (Flyball, 7LM, EV 83.1 MPH)
Bottom of the 5th over - 0 runs, 0 hits, 0 errors, 1 left on base; Echo Park 1 - Athletic Club KC 2
TOP OF THE 6TH
Echo Park Lakers batting - Pitching for Athletic Club KC : LHP Roman Phansalker
Batting: RHB Ryoma Yamamoto 0-0: Swinging Strike
0-1: Fly out, F9 (Line Drive, 9, EV 87.5 MPH)
Batting: RHB Kyu-cheol Kye 0-0: Ball
1-0: Called Strike
1-1: Ball
2-1: Ground out 6-3 (Groundball, 6M, EV 80.0 MPH)
Batting: RHB Angeddy Almanzar 0-0: Called Strike
0-1: Called Strike
0-2: Ground out 6-3 (Groundball, 6, EV 90.6 MPH)
Top of the 6th over - 0 runs, 0 hits, 0 errors, 0 left on base; Echo Park 1 - Athletic Club KC 2
BOTTOM OF THE 6TH
Athletic Club KC batting - Pitching for Echo Park Lakers : LHP Francisco Rivas
Pitching: RHP Mark Collingwood
Batting: SHB Shiki Sanu 0-0: Called Strike
0-1: Ball
1-1: Swinging Strike
1-2: Ball
2-2: Foul Ball, location: 2F
2-2: Ball
3-2: Foul Ball, location: 2F
3-2: Foul Ball, location: 2F
3-2: Base on Balls
Batting: RHB Tasuku Goto 0-0: Ball
1-0: Grounds into double play, 5-4-3 (Groundball, 5, EV 86.2 MPH)
Batting: RHB David Lozano 0-0: Called Strike
0-1: Ball
1-1: Foul Ball, location: 2F
1-2: Ball
2-2: Ball
3-2: Fly out, F3 (Popup, 23F, EV 83.8 MPH)
Bottom of the 6th over - 0 runs, 0 hits, 0 errors, 0 left on base; Echo Park 1 - Athletic Club KC 2
TOP OF THE 7TH
Echo Park Lakers batting - Pitching for Athletic Club KC : LHP Roman Phansalker
Batting: RHB Gilberto Juárez 0-0: Ball
1-0: Called Strike
1-1: Ground out 6-3 (Groundball, 6S, EV 60.6 MPH)
Batting: RHB Komotay Koffie 0-0: Fly out, F2 (Popup, 2RF, EV 93.8 MPH)
Batting: LHB Philip Todd 0-0: Foul Ball, location: 2F
0-1: Ball
1-1: Called Strike
1-2: Foul Ball, location: 2F
1-2: Ball
2-2: Strikes out swinging
Top of the 7th over - 0 runs, 0 hits, 0 errors, 0 left on base; Echo Park 1 - Athletic Club KC 2
BOTTOM OF THE 7TH
Athletic Club KC batting - Pitching for Echo Park Lakers : RHP Mark Collingwood
Batting: RHB Wade Tazewell 0-0: SINGLE (Groundball, 4MD, EV 100.0 MPH)
Batting: RHB Armando Altagracia 0-0: Called Strike
0-1: Grounds into double play, 6-4-3 (Groundball, 6, EV 86.2 MPH)
Batting: RHB Ali Ben Bongo 0-0: Called Strike
0-1: Ball
1-1: Ball
2-1: Fly out, F4 (Popup, 34S, EV 75.0 MPH)
Bottom of the 7th over - 0 runs, 1 hit, 0 errors, 0 left on base; Echo Park 1 - Athletic Club KC 2
TOP OF THE 8TH
Echo Park Lakers batting - Pitching for Athletic Club KC : LHP Roman Phansalker
Pitching: RHP Taalay Ibragimov
Batting: RHB Phil Gillespie 0-0: SOLO HOME RUN (Flyball, 9D, EV 97.5 MPH), Distance : 368 ft
Batting: RHB Felipe Campos 0-0: Ball
1-0: Called Strike
1-1: Ball
2-1: Ball
3-1: Foul Ball, location: 2F
3-2: Base on Balls
Batting: LHB Wu-shun Chu 0-0: Ball
1-0: Bunted foul
1-1: Bunted foul
1-2: Ball
2-2: Strikes out swinging
Batting: RHB Ryoma Yamamoto 0-0: Hit by Pitch
Felipe Campos to second
Batting: RHB Kyu-cheol Kye 0-0: Grounds into double play, 6-4-3 (Groundball, 6, EV 103.1 MPH)
Top of the 8th over - 1 run, 1 hit, 0 errors, 1 left on base; Echo Park 2 - Athletic Club KC 2
BOTTOM OF THE 8TH
Athletic Club KC batting - Pitching for Echo Park Lakers : RHP Mark Collingwood
Batting: RHB Francisco Vargas 0-0: Called Strike
0-1: Fly out, F9 (Line Drive, 9, EV 95.0 MPH)
Batting: RHB Armando Rodríguez 0-0: Foul Ball, location: 2F
0-1: Swinging Strike
0-2: Ball
1-2: Foul Ball, location: 2F
1-2: Ball
2-2: Ball
3-2: TRIPLE (Flyball, 89XD, EV 100.0 MPH)
Pitching: RHP Jeffery Prosser
Batting: LHB Héctor Velázquez 0-0: Swinging Strike
0-1: Ball
1-1: Ball
2-1: Fly out, F9 (Flyball, 89S, EV 84.4 MPH)
Batting: SHB Shiki Sanu 0-0: Swinging Strike
0-1: Ball
1-1: Called Strike
1-2: Foul Ball, location: 2F
1-2: Ball
2-2: Foul Ball, location: 2F
2-2: Foul Ball, location: 2F
2-2: Ball
3-2: Fly out, F7 (Flyball, 7, EV 79.4 MPH)
Bottom of the 8th over - 0 runs, 1 hit, 0 errors, 1 left on base; Echo Park 2 - Athletic Club KC 2
TOP OF THE 9TH
Echo Park Lakers batting - Pitching for Athletic Club KC : RHP Taalay Ibragimov
Pinch Hitting: LHB Tomás Muinos 0-0: Foul Ball, location: 2F
0-1: Ball
1-1: Ball
2-1: Foul Ball, location: 2F
2-2: Ball
3-2: Base on Balls
Batting: RHB Gilberto Juárez 0-0: Ball
1-0: Swinging Strike
1-1: Called Strike
1-2: Ball
2-2: Strikes out swinging
Pinch Hitting: LHB John Schaefer 0-0: Ball
1-0: Ball
2-0: Called Strike
2-1: Foul Ball, location: 2F
2-2: Strikes out swinging
Batting: LHB Philip Todd 0-0: 2-RUN HOME RUN (Flyball, 9D, EV 97.5 MPH), Distance : 375 ft
Batting: RHB Phil Gillespie 0-0: Ball
1-0: Called Strike
1-1: Foul Ball, location: 2F
1-2: SOLO HOME RUN (Flyball, 89XD, EV 90.0 MPH), Distance : 429 ft
Pitching: RHP David Maxwell
Batting: RHB Felipe Campos 0-0: Called Strike
0-1: Fly out, F4 (Popup, 3S, EV 82.5 MPH)
Top of the 9th over - 3 runs, 2 hits, 0 errors, 0 left on base; Echo Park 5 - Athletic Club KC 2
BOTTOM OF THE 9TH
Athletic Club KC batting - Pitching for Echo Park Lakers : RHP Jeffery Prosser
Pitching: RHP Tate Beason
Now at 3B: José Salinas
Now in RF: Carlos Hernández
Batting: RHB Tasuku Goto 0-0: Reached on error, E1 (Groundball, 34S, EV 84.4 MPH)
Batting: RHB David Lozano 0-0: Ball
1-0: Ground out U3 (Groundball, 3S, EV 75.0 MPH)
Tasuku Goto to third
Batting: RHB Wade Tazewell 0-0: Ball
1-0: Foul Ball, location: 2F
1-1: Ball
2-1: Ball
3-1: Foul Ball, location: 2F
3-2: Base on Balls
Pinch Hitting: LHB Pablo Hernández 0-0: Called Strike
0-1: Ball
1-1: Ball
2-1: Ball
3-1: Base on Balls
Wade Tazewell to second
Batting: RHB Ali Ben Bongo 0-0: Foul Ball, location: 2F
0-1: Swinging Strike
0-2: SINGLE (Groundball, 34D, EV 104.4 MPH)
Tasuku Goto scores
Wade Tazewell to third
Pablo Hernández to second
Batting: RHB Francisco Vargas 0-0: Ball
1-0: Ball
2-0: Ball
3-0: Called Strike
3-1: Grounds into double play, 4-6-3 (Groundball, 4M, EV 90.6 MPH)
Bottom of the 9th over - 1 run, 1 hit, 1 error, 2 left on base; Echo Park 5 - Athletic Club KC 3
Wednesday, July 8th, 2020 - OOTP Baseball 20.8 Build 74